 Dungeon Crawl Stone Soup version 0.26-a0-651-gb41185065b (webtiles) character file.

Game seed: 16130591464180573436

30 Ozzies the Skirmisher (level 3, -3/24 HPs)
             Began as a Gargoyle Fighter on Oct 14, 2020.
             Slain by a hobgoblin
             ... wielding a +0 club
             ... led by Robin
              (5 damage)
             ... on level 2 of the Dungeon.
             The game lasted 00:00:46 (820 turns).

Ozzies the Skirmisher (Gargoyle Fighter)             Turns: 820, Time: 00:00:47

Health: -3/24      AC: 10    Str: 20    XL:     3   Next: 18%
Magic:  3/3        EV:  7    Int:  8    God:
Gold:   130        SH:  9    Dex:  9    Spells: 2/2 levels left

rFire    . . .     SeeInvis .   a - +0 flail
rCold    . . .     Faith    .   c - +0 kite shield
rNeg     + . .     Spirit   .   b - +0 scale mail
rPois    ∞         Reflect  .   (no helmet)
rElec    +         Harm     .   (no cloak)
rCorr    .         Rampage  .   (no gloves)
MR       .....                  (no boots)
Stlth    ..........             (no amulet)
HPRegen  0.08/turn              (no ring)
MPRegen  0.08/turn              (no ring)

@: no status effects
A: negative energy resistance 1, electricity resistance, unbreathing,
petrification resistance, rot immunity, AC +3
a: no special abilities


You were on level 2 of the Dungeon.
You visited 1 branch of the dungeon, and saw 2 of its levels.

You collected 130 gold pieces.

Inventory:

Hand Weapons
 a - a +0 flail (weapon)
Armour
 b - a +0 scale mail (worn)
 c - a +0 kite shield (worn)
 k - a +0 cloak
 n - a +0 pair of gloves
Jewellery
 m - an uncursed ring of stealth {unknown}
Scrolls
 e - a scroll of remove curse {unknown}
 f - a scroll of magic mapping {unknown}
 h - 3 scrolls of random uselessness {unknown}
 l - 2 scrolls of identify {unknown}
Potions
 d - a potion of might {@q3 !q}
 g - 2 potions of berserk rage {unknown}
 i - 2 potions of mutation {unknown}
 j - 2 potions of curing {unknown}


   Skills:
 + Level 4.6 Fighting
 - Level 2.0 Maces & Flails
 - Level 3.2 Armour
 - Level 3.2 Shields


You had 2 spell levels left.
You didn't know any spells.
Your spell library was empty.

Dungeon Overview and Level Annotations

Branches:
Dungeon (2/15)

Altars:

Annotations:
D:2 Robin


Innate Abilities, Weirdness & Mutations

You are resistant to torment.
Your stone body is resilient. (AC +3)
You are immune to poison.
You resist negative energy. (rN+)
You are resistant to electric shocks. (rElec)
You can survive without breathing.
You are immune to petrification.
You are immune to rotting.


Message History

You barely miss the goblin.
Robin shouts!
A goblin comes into view. It is wielding a +0 club.
The goblin shouts!
You hit the goblin.
The goblin is severely wounded.
Robin points. "Kill!"
The goblin hits you but does no damage.
You hit the goblin.
You kill the goblin!
The goblin unwields a +0 club.
The goblin wields a +0 hunting sling.
The goblin shoots a stone.
The stone hits you but does no damage. Robin throws the goblin at you!
The goblin hits you but does no damage.
You barely miss the goblin.
A hobgoblin comes into view.
Robin roars a battlecry!
The goblins go into a battle-frenzy!
You block the goblin's attack. The goblin hits you but does no damage.
The hobgoblin moves out of view.
You closely miss the goblin. The goblin hits you but does no damage.
You block the goblin's attack. The goblin barely misses you.
You closely miss the goblin.
The hobgoblin shouts!
Robin throws the goblin at you! The goblin hits you.
The goblin barely misses you. The goblin hits you with a +0 club.
You sock the goblin!
You kill the goblin!
Robin throws the goblin at you! The goblin hits you but does no damage.
Robin throws the goblin at you! You block the goblin's attack.
You sock the goblin!
You kill the goblin!
You block the goblin's attack. The goblin hits you but does no damage.
The hobgoblin barely misses you. The goblin closely misses you.
You closely miss the hobgoblin. The goblin barely misses you.
You block the goblin's attack. You block the hobgoblin's attack.
The goblin hits you but does no damage. The goblin barely misses you.
The goblin closely misses you.
You closely miss the hobgoblin.
Robin hits you from afar with a +0 trident.
The hobgoblin hits you but does no damage.
The goblin hits you but does no damage. The goblin barely misses you. x2
You block the hobgoblin's attack. Robin hits you but does no damage.
The goblin hits you but does no damage.
You are too injured to fight recklessly!
You are too injured to fight recklessly!
You are too injured to fight recklessly!
You are too injured to fight recklessly!
You are too injured to fight recklessly!
You are too injured to fight recklessly!
You are too injured to fight recklessly!
You are too injured to fight recklessly!
You are too injured to fight recklessly!
You are too injured to fight recklessly!
You are too injured to fight recklessly!
You are too injured to fight recklessly!
You are too injured to fight recklessly!
You are too injured to fight recklessly!
You are too injured to fight recklessly!
You are too injured to fight recklessly!
You are too injured to fight recklessly!
You are too injured to fight recklessly!
You are too injured to fight recklessly!
Unknown command.
You closely miss the goblin. You block the goblin's attack.
The goblin hits you but does no damage.
The hobgoblin hits you but does no damage.
The goblin hits you. The goblin hits you but does no damage.
You closely miss the goblin. The hobgoblin hits you.
The goblin completely misses you. You block the goblin's attack.
You block Robin's attack. The goblin hits you but does no damage.
The goblin barely misses you. The hobgoblin closely misses you.
The goblin hits you but does no damage.
You closely miss the goblin.
The goblin no longer looks unusually strong.
The hobgoblin no longer looks unusually strong. x2
Robin says, "My goblins will feast on your bones."
You block the goblin's attack. The hobgoblin hits you.
* * * LOW HITPOINT WARNING * * *
The goblin hits you but does no damage. x2
You hit the goblin.
You kill the goblin!
The goblin hits you.
* * * LOW HITPOINT WARNING * * *
The hobgoblin hits you but does no damage.
You block Robin's attack. The goblin barely misses you.
The goblin closely misses you.
You hit the hobgoblin but do no damage.
The hobgoblin hits you but does no damage.
You block Robin's attack. You block the hobgoblin's attack.
You block the goblin's attack. The goblin hits you.
* * * LOW HITPOINT WARNING * * *
The hobgoblin hits you but does no damage.
You barely miss the hobgoblin.
The hobgoblin no longer looks unusually strong.
Robin roars a battlecry!
The hobgoblins go into a battle-frenzy!
The hobgoblin closely misses you.
The goblin hits you but does no damage. x2
You block the hobgoblin's attack. Robin closely misses you.
You block the goblin's attack. The hobgoblin hits you with a +0 club.
You die...

#.# #########
####.######.....[..
#
#...........#######
#. #(##.########
##.##.##.#
.........########
####^.###........
#.ggg#.######.
#.#@#..# #gg###.#
...g# ##.# #.###.
## #


You could see Robin, 3 hobgoblins and 2 goblins.

Vanquished Creatures
  An ooze (D:1)
  A leopard gecko (D:1)
  5 goblins
  5 hobgoblins
  3 kobolds (D:1)
  3 bats (D:1)
  3 frilled lizards (D:1)
  A rat (D:1)
22 creatures vanquished.

Notes
Turn   | Place    | Note
-------+----------+-------------------------------------------
     0 | D:1      | Ozzies the Gargoyle Fighter began the quest for the Orb.
     0 | D:1      | Reached XP level 1. HP: 14/14 MP: 1/1
   196 | D:1      | Reached XP level 2. HP: 14/20 MP: 2/2
   372 | D:1      | Reached skill level 4 in Fighting
   757 | D:2      | Reached XP level 3. HP: 23/24 MP: 3/3
   804 | D:2      | Noticed Robin
   820 | D:2      | Slain by a hobgoblin

Illustrated notes

Levels and vault maps discovered:
D:1:      onia_arrival_pyramid, layout_rooms
D:2:      minmay_chambers_of_ones, layout_loops_ring, uniq_robin

Skill      XL: |  1  2 |
---------------+-------+-----
Fighting       | 4 |  4.6
Maces & Flails | |  2.0
Armour         | |  3.2
Shields        | |  3.2

Action                   || total
-------------------------++-------
Melee: Flail             ||    95
Armor: Scale mail        ||    70
Dodge: Dodged            ||    46
Block: Kite shield       ||    67

Table legend: (Time is in decaauts)
 A = Elapsed time spent in this place.
 B = Non-inter-level travel time spent in this place.
 C = Inter-level travel time spent in this place.
 D = Time resting spent in this place.
 E = Time spent auto-exploring this place.
 F = Levels seen in this place.
 G = Mean time per level.
                   A        B        C        D        E       F      G
               +--------+--------+--------+--------+--------+-----+--------+
         Total |    855 |    843 |     12 |      0 |    645 |   2 |  427.5 |
       Dungeon |    855 |    843 |     12 |      0 |    645 |   2 |  427.5 |
               +--------+--------+--------+--------+--------+-----+--------+

Top non-repeatable levels by time:
     D:1: 743 daAuts
     D:2: 111 daAuts
